AoeStats
← Jafarr

MegaRandom

510185273Analyzed
4v4 RM · 3d ago on Sep 29, 2026· 42m 26s· 8 players
Game mode
Random Map
Map size
Large (8 player)
Population
200
Speed
Normal
Resources
Standard
Victory
Conquest
Starting age
Dark Age
Ending age
Imperial Age
RankedLock teamsTeams togetherTeam positionsShared explorationLock speedFull tech treeHidden civsTurbo modeCheats
Victory
Defeat
🇺🇸 Persians · United States
1477
+13
🇺🇸 Varangians · United States
1394
+16
🇺🇸 Ethiopians · United States
1325
+19
🇦🇹 Japanese · Austria
1320
+18
🇩🇪 Chinese · Germany
1427
-18
🇦🇷 Lithuanians · Argentina
1385
-16
🇸🇰 Saxons · Slovakia
1381
-16
🇪🇸 Shu · Spain
1376
-16
pauito79_ator
8:09 Loom
11:04 Feudal Age
12:19 Double-Bit Axe
14:58 Wheelbarrow
14:17 Fletching
14:23 Town Watch
14:42 Horse Collar
21:39 Castle Age
21:57 Crossbowman
22:39 Bodkin Arrow
22:44 Padded Archer Armor
23:35 Thumb Ring
24:21 Heavy Plow
25:33 Leather Archer Armor
26:42 Bow Saw
26:58 Gold Mining
28:54 Ballistics
29:34 Hand Cart
29:34 Stone Mining
31:15 Gold Shaft Mining
Wololo
10:02 Feudal Age
10:14 Loom
16:34 Castle Age
15:00 Double-Bit Axe
15:54 Horse Collar
18:55 Bow Saw
24:50 Crossbowman
26:39 Wheelbarrow
27:05 Fletching
27:16 Padded Archer Armor
27:35 Thumb Ring
27:29 Gold Mining
28:37 Bodkin Arrow
31:39 Leather Archer Armor
33:22 Ballistics
32:43 Treadmill Crane
Kiliethink
0:30 Loom
10:20 Feudal Age
13:28 Double-Bit Axe
14:10 Horse Collar
20:37 Castle Age
19:50 Stone Mining
19:52 Gold Mining
20:24 Fletching
20:34 Padded Archer Armor
21:07 Crossbowman
24:04 Bow Saw
24:53 Bodkin Arrow
25:14 Leather Archer Armor
32:04 Ballistics
33:12 Thumb Ring
cardu
8:12 Loom
10:17 Feudal Age
15:31 Castle Age
13:37 Double-Bit Axe
13:33 Horse Collar
15:22 Scale Barding Armor
16:18 Forging
18:27 Fervor
22:03 Town Watch
22:54 Wheelbarrow
23:39 Husbandry
27:45 Bloodlines
28:46 Bow Saw
30:31 Chain Barding Armor
32:42 Heavy Plow
32:50 Stone Mining
33:31 Fletching
34:17 Iron Casting
39:48 Imperial Age
40:00 Bodkin Arrow
41:18 Plate Barding Armor
40:14 Cavalier
42:39 Bracer
[GG] Trollermeister
6:14 Loom
8:23 Feudal Age
9:55 Double-Bit Axe
14:44 Forging
19:08 Castle Age
17:54 Horse Collar
19:00 Light Cavalry
20:43 Scale Barding Armor
22:33 Bow Saw
22:30 Heavy Plow
23:06 Bloodlines
25:19 Chain Barding Armor
26:35 Fletching
29:18 Wheelbarrow
30:42 Iron Casting
30:10 Husbandry
32:37 Hand Cart
32:07 Town Watch
33:20 Gold Mining
33:20 Stone Mining
38:49 Imperial Age
38:38 Cavalier
40:43 Plate Barding Armor
41:09 Blast Furnace
40:12 Savar
42:34 Bodkin Arrow
Jafarr
6:31 Loom
8:58 Feudal Age
9:33 Double-Bit Axe
15:13 Bloodlines
19:07 Scale Barding Armor
24:32 Castle Age
22:56 Horse Collar
27:07 Chain Barding Armor
29:21 Forging
36:03 Iron Casting
38:18 Gold Mining
39:07 Wheelbarrow
38:47 Vendel Legacy
41:14 Husbandry
Dirty_Squirrel
5:51 Loom
10:53 Feudal Age
11:36 Double-Bit Axe
11:34 Horse Collar
14:15 Fletching
16:42 Padded Archer Armor
17:34 Scale Mail Armor
20:48 Wheelbarrow
23:53 Castle Age
23:23 Gold Mining
24:06 Crossbowman
24:51 Thumb Ring
24:52 Bodkin Arrow
26:24 Bow Saw
34:14 Ballistics
38:40 Imperial Age
36:38 Hand Cart
38:48 Capped Ram
41:22 Two-Man Saw
40:58 Heavy Plow
42:57 Chain Mail Armor
42:07 Pikeman
42:47 Squires
42:39 Arson
Mickie | Moose
6:32 Loom
8:49 Feudal Age
10:39 Double-Bit Axe
14:39 Fletching
16:23 Horse Collar
23:43 Castle Age
23:49 Crossbowman
24:25 Bodkin Arrow
25:49 Padded Archer Armor
28:31 Ballistics
29:27 Wheelbarrow
28:37 Town Watch
29:10 Leather Archer Armor
32:32 Bow Saw
Connection lost

Rejoining the realm…

Still unreachable

The connection could not be restored.

Session expired

The server has moved on; the page needs a fresh start.